 Dungeon Crawl Stone Soup version 0.31.0-12-g77e489cdc1 (webtiles) character file.

Game seed: 226049129884144502

2404 spaghetti the Fighter (level 9, -1/101 HPs)
             Began as an Oni Chaos Knight on Mar 2, 2024.
             Was a Plaything of Xom.
             Slain by Grum
             ... wielding a +1 glaive
              (10 damage)
             ... on level 8 of the Dungeon.
             The game lasted 00:09:40 (7613 turns).

spaghetti the Fighter (Oni Chaos Knight)            Turns: 7613, Time: 00:09:40

Health: -1/101     AC:  7    Str: 24      XL:     9   Next: 47%
Magic:  11/12      EV:  9    Int: 19 (21) God:    Xom [....*.]
Gold:   211        SH:  0    Dex:  7 (9)  Spells: 2/12 levels left

rFire   . . .        z - +7 great sword of the Thieving Augurer {elec, Int+5}
rCold   . . .        (shield currently unavailable)
rNeg    . . .        a - +2 robe
rPois   .            (helmet restricted)
rElec   .            (no cloak)
rCorr   .            (gloves unavailable)
SInv    .            (boots unavailable)
Will    .....        (no amulet)
Stlth   +            l - ring of wizardry
HPRegen 0.36/turn    s - +6 ring of intelligence
MPRegen 0.13/turn

%: wizardry (x1)
@: fugue
A: large, unfitting armour, horns 1, tough skin 1, double potion healing,
drunken brawling, iridescent scales 1, dopey 1, strong 1, inability to drink
after injury 1, MP-powered wands
a: Renounce Religion


You were on level 8 of the Dungeon.
You worshipped Xom.
You were a beloved toy of Xom.
You visited 1 branch of the dungeon, and saw 8 of its levels.

You collected 470 gold pieces.
You spent 259 gold pieces at shops.

Inventory:

Hand Weapons
 b - a +0 giant spiked club
 o - a +4 short sword of chaos
 z - the +7 great sword of the Thieving Augurer (weapon) {elec, Int+5}
   (You found it on level 5 of the Dungeon)

   Int+5:     It affects your intelligence (+5).
Missiles
 c - 13 poisoned darts
 f - 11 boomerangs
 g - 29 stones
Armour
 a - a +2 robe (worn)
Jewellery
 l - a ring of wizardry (left hand)
 p - a ring of fire
 s - a +6 ring of intelligence (right hand)
 B - a ring of flight
Talismans
 r - a flux talisman
Wands
 x - a wand of light (4)
 A - a wand of flame (13)
Scrolls
 j - a scroll of immolation
 k - a scroll of revelation
 v - 2 scrolls of teleportation
 w - 3 scrolls of noise
 y - 2 scrolls of blinking
 C - a scroll of fear
 D - a scroll of poison
 E - a scroll of enchant weapon
Potions
 d - a potion of heal wounds
 e - a potion of haste
 h - a potion of invisibility {unknown}
 i - 4 potions of might
 m - 4 potions of curing
 n - a potion of mutation
 q - a potion of brilliance
 t - a potion of attraction
 u - a potion of ambrosia


   Skills:
 + Level 10.3 Fighting
 + Level 2.6 Long Blades
 + Level 6.4 Throwing
 - Level 2.1 Dodging
 - Level 2.6 Unarmed Combat
 + Level 2.2 Spellcasting
 + Level 2.5 Summonings
 + Level 4.2 Necromancy
 + Level 2.4 Air Magic


You had 2 spell levels left.
You knew the following spells:

 Your Spells              Type           Power      Damage    Failure   Level
a - Fugue of the Fallen   Necr           18%        N/A       3%          3
b - Summon Lightning Spi  Summ/Air       11%        N/A       24%         4
c - Call Canine Familiar  Summ           11%        N/A       7%          3

Your spell library contained the following spells:

 Spells                   Type           Power      Damage    Failure   Level
 Static Discharge         Conj/Air       12%        3-4/arc   6%          2
 Ensorcelled Hibernation  Hex/Ice        4%         N/A       11%         2
 Lesser Beckoning         Tloc           4%         N/A       11%         2
 Scorch                   Fire           4%         2d5       11%         2
 Gell's Gravitas          Tloc           2%         N/A       21%         3
 Ozocubu's Armour         Ice            2%         N/A       21%         3
 Sigil of Binding         Hex            2%         N/A       21%         3
 Teleport Other           Tloc           2%         N/A       21%         3
 Airstrike                Air            5%         2d(1-17)  24%         4
 Anguish                  Hex/Necr       5%         N/A       26%         4
 Dimensional Bullseye     Hex/Tloc       1%         N/A       52%         4
 Flame Wave               Conj/Fire      2%         2d4       52%         4
 Metabolic Englaciation   Hex/Ice        1%         N/A       86%         5
 Summon Cactus Giant      Summ           5%         N/A       96%         6
 Sculpt Simulacrum        Ice/Alch       1%         N/A       100%        6


Dungeon Overview and Level Annotations

Branches:
Dungeon (8/15)             Temple (0/1) D:6
   Lair: D:8-11

Altars:
Elyvilon
Xom
Yredelemnul

Shops:
D:6 *   D:7 ??!

Annotations:
D:7 1 runed translucent door, aheadsounds's ghost, weakling FeDe
D:8 Grum


Innate Abilities, Weirdness & Mutations

You are too large for most types of armour.
You have a pair of small horns on your head.
You have tough skin. (AC +1)
You gain doubled healing and magic from potions.
Whenever you drink a healing potion, you attack all around you.
You are partially covered in iridescent scales. (AC +2)
You are dopey. (Int -2)
Your muscles are strong. (Str +4, Int/Dex -1)
You occasionally lose the ability to drink potions when taking damage.
You expend magic power (3 MP) to strengthen your wands.


Message History

You are too injured to fight recklessly!
You are too injured to fight recklessly!
You are too injured to fight recklessly!
You are too injured to fight recklessly!
You are too injured to fight recklessly!
You are too injured to fight recklessly!
You are too injured to fight recklessly!
You are too injured to fight recklessly!
You are too injured to fight recklessly!
You are too injured to fight recklessly!
You are too injured to fight recklessly!
You are too injured to fight recklessly!
You are too injured to fight recklessly!
You are too injured to fight recklessly!
You are too injured to fight recklessly!
Unknown command.
Grum misses you.
You hit Grum.
Grum is lightly wounded.
Grum barely misses you.
You completely miss Grum. You headbutt Grum.
Grum is lightly wounded.
Grum hits you with a +1 glaive!! Grum closely misses you.
You slash Grum! Lightning courses through Grum!
Grum is severely wounded.
Grum barely misses you.
You closely miss Grum. You headbutt Grum.
Grum is almost dead.
Xom adds some personal touches to your environment.
Grum hits you with a +1 glaive!
* * * LOW HITPOINT WARNING * * *
Grum hits you with a +1 glaive!!
* * * LOW HITPOINT WARNING * * *
You hit Grum.
Grum is almost dead.
Grum hits you with a +1 glaive.
* * * LOW HITPOINT WARNING * * *
Grum hits you with a +1 glaive!
You die...
Xom laughs nastily!

..# ..### ....#
....# ....#
....# ....#
....#
################
....#
#.....bb@gh)...#
..###
#.###########.##
..# #.# ..# #.#
..# #.# ..# #.#
#.# #.# #.# #.#
#+### #.#


You could see Grum and a wolf.

Vanquished Creatures
  A shadow (D:7)
  A water moccasin (D:6)
  A black bear (D:7)
  An ice beast (D:5)
  A wolf (D:8)
  An ogre (D:5)
  2 centaurs
  3 phantoms
  7 scorpions
  5 killer bees (D:7)
  A howler monkey (D:5)
  3 bombardier beetles
  A gnoll bouda (D:6)
  3 orc priests
  4 hounds
  2 sleepcaps
  2 iguanas
  4 orc wizards
  5 adders
  4 gnolls
  A white imp (D:5)
  2 ufetubi (D:7)
  5 dart slugs
  A ribbon worm (D:3)
  17 orcs
  8 ball pythons
  4 endoplasms
  3 giant cockroaches
  4 goblins
  9 hobgoblins
  6 quokkas
  5 bats
  7 frilled lizards
  5 kobolds
  5 rats
134 creatures vanquished.

Vanquished Creatures (others)
  A killer bee (D:7)
1 creature vanquished.

Grand Total: 135 creatures vanquished

Notes
Turn   | Place    | Note
-------+----------+-------------------------------------------
     0 | D:1      | spaghetti the Oni Chaos Knight began the quest for the Orb.
     0 | D:1      | Reached XP level 1. HP: 24/24 MP: 1/1
    68 | D:1      | XOM: divination: magic mapping
    72 | D:1      | XOM: silly message
    91 | D:1      | XOM: silly message
    97 | D:1      | Reached XP level 2. HP: 26/33 MP: 2/2
   185 | D:1      | Reached skill level 5 in Fighting
   321 | D:1      | XOM: silly message
   384 | D:1      | Reached XP level 3. HP: 42/42 MP: 3/3
   437 | D:1      | XOM: polymorph ball python -> hobgoblin
   462 | D:1      | XOM: cloud trail
   654 | D:2      | XOM: 5-stop teleportation journey
   750 | D:2      | XOM: give mutations
   750 | D:2      | Gained mutation: You expend magic power (3 MP) to
                  | strengthen your wands. [Xom's grace]
   750 | D:2      | Gained mutation: You are partially covered in iridescent
                  | scales. (AC +2) [Xom's grace]
   750 | D:2      | Gained mutation: Your muscles are strong. (Str +4, Int/Dex
                  | -1) [Xom's grace]
   824 | D:2      | XOM: confusion
   827 | D:2      | XOM is BORED!
   827 | D:2      | XOM: enchant monster (bad)
   836 | D:2      | Reached skill level 1 in Throwing
  1094 | D:3      | XOM: noise
  1111 | D:3      | XOM: enchant monster (good)
  1137 | D:3      | XOM: scenery: summon butterflies
  1144 | D:3      | Reached skill level 6 in Fighting
  1144 | D:3      | Reached XP level 4. HP: 24/52 MP: 4/4
  1193 | D:3      | Noticed a scorpion
  1196 | D:3      | Found a faded altar of an unknown god.
  1208 | D:3      | Killed a scorpion
  1209 | D:3      | Reached XP level 5. HP: 33/61 MP: 5/5
  1342 | D:3      | Found a basalt altar of Yredelemnul.
  1477 | D:3      | Reached skill level 7 in Fighting
  1492 | D:3      | Found a white marble altar of Elyvilon.
  1639 | D:3      | XOM: 1-stop teleportation journey
  2010 | D:3      | XOM: summons 3 hostile demons
  2316 | D:3      | Reached XP level 6. HP: 71/71 MP: 6/6
  2508 | D:4      | XOM: fake destruction
  2582 | D:4      | XOM: cleaving
  2589 | D:4      | Reached skill level 8 in Fighting
  2715 | D:4      | Learned a level 3 spell: Fugue of the Fallen
  2764 | D:4      | Reached XP level 7. HP: 64/80 MP: 7/7
  2772 | D:4      | XOM: chaos upgrade
  2865 | D:4      | Reached skill level 1 in Necromancy
  3332 | D:4      | XOM: give mutations
  3332 | D:4      | Lost mutation: You expend magic power (3 MP) to strengthen
                  | your wands. [Xom's mischief]
  3332 | D:4      | Gained mutation: You occasionally lose the ability to drink
                  | potions when taking damage. [Xom's mischief]
  3332 | D:4      | Gained mutation: You are vulnerable to cold. (rC-) [Xom's
                  | mischief]
  3381 | D:4      | XOM: give mutations
  3381 | D:4      | Gained mutation: Your body sometimes deteriorates upon
                  | taking damage. [Xom's mischief]
  3381 | D:4      | Gained mutation: Your mind is acute. (Int +4, Str/Dex -1)
                  | [Xom's mischief]
  3410 | D:4      | XOM: god gift: wand of light (4)
  3413 | D:4      | XOM: fog
  3631 | D:4      | Lost mutation: Your muscles are strong. (Str +4, Int/Dex
                  | -1) [potion of mutation]
  3631 | D:4      | Lost mutation: Your mind is acute. (Int +4, Str/Dex -1)
                  | [potion of mutation]
  3631 | D:4      | Lost mutation: You are vulnerable to cold. (rC-) [potion of
                  | mutation]
  3631 | D:4      | Gained mutation: You expend magic power (3 MP) to
                  | strengthen your wands. [potion of mutation]
  3631 | D:4      | Gained mutation: Your muscles are strong. (Str +4, Int/Dex
                  | -1) [potion of mutation]
  3657 | D:5      | Entered Level 5 of the Dungeon
  3661 | D:5      | XOM: fog
  3775 | D:5      | XOM: cast spell 'Summon Hydra'
  3786 | D:5      | XOM: destruction
  3795 | D:5      | Reached skill level 5 in Throwing
  3805 | D:5      | Reached skill level 9 in Fighting
  3885 | D:5      | XOM: cloud trail
  4043 | D:5      | XOM: enchant monster (good)
  4052 | D:5      | Reached XP level 8. HP: 92/92 MP: 8/8
  4251 | D:5      | XOM: silly message
  4366 | D:5      | XOM: noise
  4712 | D:5      | Identified the +7 great sword of the Thieving Augurer
                  | {elec, Int+5}
  4771 | D:5      | XOM: god gift: 11 gold pieces
  4859 | D:5      | Learned a level 4 spell: Summon Lightning Spire
  5105 | D:5      | XOM: scenery: create altars
  5326 | D:6      | Found Linar's Assorted Antiques.
  5348 | D:6      | Bought a jade ring for 80 gold pieces
  5411 | D:6      | Found a staircase to the Ecumenical Temple.
  5422 | D:6      | Reached skill level 1 in Long Blades
  5422 | D:6      | Reached skill level 1 in Summonings
  5426 | D:6      | Reached skill level 1 in Air Magic
  5470 | D:6      | XOM: 2-stop teleportation journey
  5480 | D:6      | XOM: give mutations
  5480 | D:6      | Lost mutation: Your body sometimes deteriorates upon taking
                  | damage. [Xom's mischief]
  5480 | D:6      | Gained mutation: You are dopey. (Int -2) [Xom's mischief]
  5830 | D:6      | XOM: 4-stop teleportation journey
  6624 | D:7      | XOM: confusion (+ monsters)
  6626 | D:7      | Reached XP level 9. HP: 41/101 MP: 7/10
  6630 | D:7      | Reached skill level 10 in Fighting
  6630 | D:7      | Reached skill level 1 in Spellcasting
  6911 | D:7      | XOM: confusion
  6971 | D:7      | Found Vextye's Magic Scroll Emporium.
  7007 | D:7      | Found Fonam's Magic Scroll Shop.
  7012 | D:7      | XOM: polymorph water moccasin -> bombardier beetle
  7021 | D:7      | Bought a scroll of identify for 30 gold pieces
  7063 | D:7      | Found a runed translucent door.
  7063 | D:7      | Noticed aheadsounds's ghost (weakling FeDe)
  7138 | D:7      | Found Synec's Distillery.
  7154 | D:7      | Learned a level 3 spell: Call Canine Familiar
  7184 | D:7      | Bought a scroll of fear for 52 gold pieces
  7184 | D:7      | Bought a scroll of enchant weapon for 97 gold pieces
  7199 | D:7      | XOM: scenery: create altars
  7362 | D:7      | XOM: scenery: summon butterflies
  7527 | D:8      | XOM: stealth player
  7602 | D:8      | Noticed Grum
  7612 | D:8      | XOM: scenery: summon butterflies
  7613 | D:8      | Slain by Grum

Illustrated notes

Levels and vault maps discovered:
D:1:      onia_arrival_pentagram, layout_basic
D:2:      layout_rooms
D:3:      layout_loops_corners, kennysheep_ying_yang,
          shapermc_ecumenical_altar_mp_ritualfount
D:4:      layout_loops_cross, minmay_joined_circles
D:5:      layout_cave_pods
D:6:      layout_cave_pods, minmay_temple_entry_mini_moons, serial_shops, shop,
          corexii_leaking_fountain
D:7:      layout_rooms, serial_shops, shop, shop_scrolls, shop, serial_glass,
          glass_columns_a, glass_columns_a, glass_columns_a, glass_columns_a,
          glass_columns_a, glass_columns_a, glass_columns_c, glass_columns_b,
          gammafunk_ghost_grave
D:8:      layout_basic, onia_ninara_dug_in_and_dangerous, uniq_grum

Skill      XL: |  1  2  3  4  5  6  7  8  9 |
---------------+----------------------------+-----
Fighting       | 5 6 7 8 9 10 | 10.3
Throwing       | 1 2 3 4 5 6 |  6.4
Necromancy     | 2 3 4 |  4.2
Long Blades    | 1 2 |  2.6
Summonings     | 1 2 |  2.5
Air Magic      | 1 2 |  2.4
Spellcasting   | 2 |  2.2
Dodging        | |  2.1
Unarmed Combat | |  2.6

Action                     |  1- 3 |  4- 6 |  7- 9 || total
---------------------------+-------+-------+-------++-------
  Melee: Unarmed           |   130 |   159 |    81 ||   370
         Headbutt          |    18 |    30 |    40 ||    88
         Punch             |     1 |     5 |     5 ||    11
         Short sword       |       |       |    70 ||    70
         Great sword       |       |       |   108 ||   108
  Throw: Boomerang         |     1 |       |       ||     1
   Cast: Fugue of the Fall |       |       |    14 ||    14
         Summon Lightning  |       |       |     1 ||     1
    Use: Potion            |       |     1 |     7 ||     8
         Scroll            |       |     4 |     8 ||    12
   Stab: Paralysed         |       |       |     2 ||     2
 Armour: Robe              |    85 |   104 |   322 ||   511
  Dodge: Dodged            |    67 |    87 |   153 ||   307
